 Dungeon Crawl Stone Soup version 0.31.0-1-g2c135a008e (webtiles) character file.

Game seed: 15852612563975141563

527 qw the Shooter (level 7, -1/52 HPs)
             Began as a Djinni Hunter on Jan 23, 2024.
             Slain by Pikel
             ... wielding a +1 whip of freezing
              (3 damage)
             ... on level 4 of the Dungeon.
             The game lasted 00:00:24 (4072 turns).

qw the Shooter (Djinni Hunter)                      Turns: 4072, Time: 00:00:24

Health: -1/52      AC:  7    Str: 10    XL:     7   Next: 47%
Gold:   225        EV: 11    Int: 10    God:
                   SH:  0    Dex: 19

rFire   + + .        a - +0 shortbow
rCold   x . .        (shield currently unavailable)
rNeg    . . .        d - +0 ring mail
rPois   inf          (no helmet)
rElec   .            m - +1 cloak
rCorr   .            (no gloves)
SInv    .            (boots unavailable)
Will    .....        (no amulet)
Stlth   +            (no ring)
HPRegen 0.28/turn    (no ring)
MPRegen 0.00/turn

%: infuse magic (-2 HP)
@: flying
A: sickness immunity, fire resistance 2, cold vulnerability 1, float, innate
caster, HP casting, extra vitality 1
a: no special abilities


You were on level 4 of the Dungeon.
You visited 1 branch of the dungeon, and saw 5 of its levels.

You collected 225 gold pieces.


Innate Abilities, Weirdness & Mutations

You are immune to sickness and miasma.
You are immune to poison.
Your flesh is very heat resistant. (rF++)
You are vulnerable to cold. (rC-)
You float through the air rather than walking.
You learn spells naturally, not from books.
Your magical power is your life essence.
You have superior vitality. (+4 MHP)


   Skills:
 - Level 4.1 Fighting
 + Level 5.9 Ranged Weapons
 - Level 1.5 Armour
 - Level 3.0 Dodging
 - Level 0.7 Stealth


You knew the following spells:

 Your Spells              Type           Power      Damage    Failure   Level
a - Foxfire               Conj/Fire      0%         2x1d4     67%         1
b - Momentum Strike       Conj/Tloc      0%         3d8       82%         2
c - Vampiric Draining     Necr           0%         2d6       96%         3
Your spell library was empty.

Inventory:

Hand Weapons
 a - a +0 shortbow (weapon)
Armour
 d - a +0 ring mail (worn)
 m - a +1 cloak (worn)
Wands
 b - a wand of paralysis (1)
 g - a wand of iceblast (6)
 j - a wand of flame (33)
Potions
 c - a potion of curing
 e - a potion of haste
 f - a potion of heal wounds
 l - a potion of lignification {unknown}
 n - a potion of might {unknown}

Dungeon Overview and Level Annotations

Branches:
Dungeon (5/15)
 Temple: D:4-7

Altars:
Ashenzari
Nemelex Xobeh
Ru
Uskayaw
Xom
The Shining One

Annotations:
D:3 exclusions: jackal and 2 kobolds
D:4 Pikel


Message History

You shoot an arrow. The arrow hits Pikel!
Pikel is lightly wounded.
Pikel hits you with a +1 whip of freezing.
Pikel freezes you.
You shoot an arrow. The arrow barely misses Pikel.
Pikel barely misses you.
You shoot an arrow. The arrow hits Pikel!
Pikel is moderately wounded.
Pikel barely misses you.
You shoot an arrow.
The arrow hits Pikel but does no damage.
Pikel is moderately wounded.
Pikel hits you with a +1 whip of freezing.
Pikel freezes you.
You shoot an arrow. The arrow hits Pikel.
Pikel is heavily wounded.
Pikel misses you. Pikel barely misses you.
You shoot an arrow. The arrow barely misses Pikel.
Pikel hits you with a +1 whip of freezing!
Pikel freezes you.
You shoot an arrow. The arrow closely misses Pikel.
Pikel waves his whip at you. Pikel misses you.
You shoot an arrow. The arrow hits Pikel.
Pikel is heavily wounded.
Pikel misses you.
You shoot an arrow.
The arrow hits Pikel but does no damage.
Pikel is heavily wounded.
Pikel hits you with a +1 whip of freezing!
Pikel freezes you.
You shoot an arrow.
The arrow hits Pikel but does no damage.
Pikel is heavily wounded.
Pikel hits you with a +1 whip of freezing.
Pikel freezes you.
Pikel hits you with a +1 whip of freezing!
Pikel freezes you.
You die...
Pikel says, "See you in Hell!"

#......# #.####.######
####.###.......# #.....##.......#
######### #.....##.......#
#.......# #....)##.......#
#.......# #....)###.######
#.......# ####K####.##########
#.......######@)...[...........
#............[)).###...#.......
#..................#.#.#.......
#########.......##.#.#.#.......
#..#8.......##.#.#.#....?..
###.###......###...#.#.....##
#....##............#.###.#.#
#.#.###.....#...#.##..##.#.#
#####.#.##8..<.............#.#.##


You could see Pikel.

Vanquished Creatures
  A phantom (D:4)
  3 hounds
  2 orc priests (D:4)
  A jelly (D:4)
  A gnoll bouda (D:4)
  5 gnolls (D:4)
  9 adders
  A white imp (D:4)
  5 ribbon worms
  3 orcs
  13 endoplasms
  4 giant cockroaches
  10 hobgoblins
  8 jackals
  3 quokkas
  7 ball pythons
  5 bats
  3 frilled lizards
  9 goblins
  9 kobolds
  4 rats (D:1)
106 creatures vanquished.

Notes
Turn   | Place    | Note
-------+----------+-------------------------------------------
     0 | D:1      | qw the Djinni Hunter began the quest for the Orb.
     0 | D:1      | Reached XP level 1. HP: 18/18 MP: 0/0
     0 | D:1      | 0 ||| qw: Version: 0.3-a-132-g3d54051
     0 | D:1      | 0 ||| qw: Game counter: 600
     0 | D:1      | 0 ||| qw: Melee chars always use a shield: true
     0 | D:1      | 0 ||| qw: God list: Okawaru
     0 | D:1      | 0 ||| qw: Allow faded altars: false
     0 | D:1      | 0 ||| qw: Do Orc after clearing Dungeon:15 true
     0 | D:1      | 0 ||| qw: Do second Lair branch before Depths: true
     0 | D:1      | 0 ||| qw: Lair rune preference: random
     0 | D:1      | 0 ||| qw: Goals: Normal
     0 | D:1      | 0 ||| PLANNING D:1-11
    94 | D:1      | Reached XP level 2. HP: 23/23 MP: 0/0
   334 | D:1      | Reached skill level 4 in Ranged Weapons
   334 | D:1      | Reached XP level 3. HP: 28/28 MP: 0/0
   334 | D:1      | Learned a level 1 spell: Foxfire
   490 | D:1      | 490 ||| READING scroll labelled REKAKIMUNA.
   491 | D:1      | 491 ||| READING scroll labelled GEOSYE ENEQUDU.
   491 | D:1      | 491 ||| IDENTIFYING glowing puce potion
   492 | D:1      | 492 ||| READING scroll labelled GYOGHIBARI.
   493 | D:1      | 493 ||| READING 3 scrolls labelled VEUKHL VOSS.
   498 | D:1      | 498 ||| DROPPING scroll of butterflies.
   561 | D:2      | 561 ||| FLEEEEING.
   593 | D:2      | 593 ||| FLEEEEING.
   594 | D:2      | 594 ||| STAIRDANCE
   727 | D:2      | Reached skill level 3 in Fighting
   727 | D:2      | Reached XP level 4. HP: 35/35 MP: 0/0
  1129 | D:2      | 1129 ||| UPGRADING to +0 ring mail.
  1139 | D:2      | 1139 ||| DROPPING +0 leather armour.
  1140 | D:2      | 1140 ||| DRINKING 2 lumpy emerald potions.
  1167 | D:3      | 1167 ||| STAIRDANCE
  1173 | D:2      | Reached skill level 1 in Armour
  1173 | D:2      | Reached XP level 5. HP: 40/40 MP: 0/0
  1173 | D:2      | Learned a level 2 spell: Momentum Strike
  1251 | D:3      | Found a faded altar of an unknown god.
  1357 | D:3      | Identified the +0 pair of boots of Circular Logic {rC+}
  1426 | D:3      | 1426 ||| UPGRADING to +0 cloak.
  1503 | D:3      | 1503 ||| READING scroll of identify.
  1503 | D:3      | 1503 ||| IDENTIFYING fuming brown potion
  1504 | D:3      | 1504 ||| DRINKING 2 coppery potions.
  1521 | D:3      | 1521 ||| FLEEEEING.
  1570 | D:3      | 1570 ||| DROPPING potion of attraction.
  1592 | D:3      | Found a sparkling altar of Nemelex Xobeh.
  1604 | D:3      | Found a hide-covered altar of Uskayaw.
  1605 | D:3      | Found a broken altar of Ashenzari.
  1607 | D:3      | Found a glowing golden altar of the Shining One.
  1609 | D:3      | Found a sacrificial altar of Ru.
  1610 | D:3      | Found a shimmering altar of Xom.
  1799 | D:3      | 1799 ||| FLEEEEING.
  1804 | D:3      | 1804 ||| STAIRDANCE
  2239 | D:4      | 2239 ||| PLANNING SEWER
  2250 | D:4      | Reached XP level 6. HP: 37/46 MP: 0/0
  2266 | D:4      | 2266 ||| FLEEEEING.
  2269 | D:4      | 2269 ||| STAIRDANCE
  2366 | D:4      | Reached skill level 5 in Ranged Weapons
  2366 | D:4      | 2366 ||| FLEEEEING.
  2446 | D:4      | Reached skill level 3 in Dodging
  2458 | D:4      | 2458 ||| FLEEEEING.
  2464 | D:4      | HP: 10/46 [orc priest/+0 whip (5)]
  2465 | D:4      | 2465 ||| READING 2 scrolls of teleportation.
  2465 | D:4      | HP: 2/46 [orc priest/nerve-wracking pain (7)]
  2466 | D:4      | 2466 ||| DRINKING 3 potions of heal wounds.
  2516 | D:4      | 2516 ||| FLEEEEING.
  2552 | D:4      | 2552 ||| FLEEEEING.
  2554 | D:4      | 2554 ||| STAIRDANCE
  2617 | D:3      | 2617 ||| READING 3 scrolls labelled KYCZOO FINEU.
  2618 | D:3      | 2618 ||| READING scroll labelled DYASAE VUFO.
  2618 | D:3      | 2618 ||| ENCHANTING +0 cloak.
  2619 | D:3      | 2619 ||| DROPPING 2 scrolls of poison.
  2663 | D:4      | Reached XP level 7. HP: 43/51 MP: 0/0
  2663 | D:4      | Learned a level 3 spell: Vampiric Draining
  2663 | D:4      | 2663 ||| FLEEEEING.
  2912 | D:4      | 2912 ||| RIP SEWER
  2932 | D:4      | 2932 ||| PLANNING D:1-11
  3026 | D:4      | 3026 ||| READING scroll of identify.
  3026 | D:4      | 3026 ||| IDENTIFYING sedimented golden potion
  3027 | D:4      | 3027 ||| DROPPING potion of brilliance.
  3563 | D:5      | Entered Level 5 of the Dungeon
  3564 | D:5      | 3564 ||| STAIRDANCE
  3614 | D:5      | 3614 ||| STAIRDANCE
  3635 | D:4      | 3635 ||| FLEEEEING.
  3643 | D:4      | 3643 ||| STAIRDANCE
  3710 | D:5      | 3710 ||| STAIRDANCE
  3714 | D:4      | HP: 13/52 [white imp/puff of frost (6)]
  3715 | D:4      | 3715 ||| READING scroll of teleportation.
  3716 | D:4      | 3716 ||| DRINKING 2 potions of heal wounds.
  3724 | D:4      | 3724 ||| FLEEEEING.
  3869 | D:5      | 3869 ||| STAIRDANCE
  3883 | D:4      | 3883 ||| FLEEEEING.
  3891 | D:4      | 3891 ||| STAIRDANCE
  4020 | D:5      | Noticed Pikel
  4022 | D:5      | 4022 ||| STAIRDANCE
  4024 | D:4      | 4024 ||| FLEEEEING.
  4060 | D:5      | 4060 ||| STAIRDANCE
  4072 | D:4      | HP: 10/52 [Pikel/+1 whip of freezing (5)]
  4072 | D:4      | HP: 2/52 [Pikel/+1 whip of freezing (7)]
  4072 | D:4      | Slain by Pikel

Levels and vault maps discovered:
D:1:      dpeg_arrival_tiny_j, layout_rooms, hangedman_decor_slide_cut
D:2:      layout_rooms
D:3:      minmay_skewed_foursquare, layout_basic, minitemple,
          hellmonk_ecumenical_altar_run_dry, st_stairs_7
D:4:      layout_basic, serial_corexii_hall, chequers_hall_statues_corner_a,
          chequers_hall_statues_corner_a, chequers_hall_statues_y,
          corexii_hall_statues_i, cheibrodos_sewer_entry_bend
D:5:      layout_rooms, fedhas_bush_and_centaur_altar,
          minmay_temple_entry_purple_smoke, uniq_crazy_yiuf_cottage,
          uniq_duvessa, uniq_pikel, uniq_grinder

Skill      XL: |  1  2  3  4  5  6  7 |
---------------+----------------------+-----
Ranged Weapons | 4 5 |  5.9
Fighting       | 3 4 |  4.1
Armour         | 1 |  1.5
Dodging        | 3 |  3.0
Stealth        | |  0.7

Action                     |  1- 3 |  4- 6 |  7- 9 || total
---------------------------+-------+-------+-------++-------
   Fire: Shortbow          |   116 |   188 |   143 ||   447
    Use: Scroll            |     4 |     4 |     2 ||    10
         Potion            |       |     3 |     1 ||     4
 Armour: Leather armour    |    24 |     3 |       ||    27
         Ring mail         |       |   110 |    60 ||   170
  Dodge: Dodged            |    34 |    86 |    74 ||   194

Table legend:
 A = Non-vault XP
 B = Vault XP
 C = Vault XP percentage of total XP
 D = Non-vault monster count
 E = Vault monster count
 F = Vault count percentage of total count
                 A         B        C        D         E       F
            +---------+---------+-------+---------+---------+-------
      Total |     739 |      15 |   2.0 |     101 |       5 |   4.7
            +---------+---------+-------+---------+---------+-------
        D:1 |      41 |       0 |   0.0 |      28 |       0 |   0.0
        D:2 |     100 |       0 |   0.0 |      20 |       0 |   0.0
        D:3 |      89 |       7 |   7.3 |      20 |       3 |  13.0
        D:4 |     509 |       8 |   1.5 |      33 |       2 |   5.7
            +---------+---------+-------+---------+---------+-------
